 Dungeon Crawl Stone Soup version 0.29-a0-275-g389c0b56f3 (webtiles) character file.

Game seed: 18132545853594298915

9961 Dabor the Cleaver (level 11, 0/98 HPs)
             Began as a Palentonga Berserker on Mar 12, 2022.
             Was a High Priest of Trog.
             Slain by a meliai
             ... wielding a +0 war axe
              (3 damage)
             ... on level 11 of the Dungeon.
             The game lasted 00:27:47 (11309 turns).

Dabor the Cleaver (Palentonga Berserker)           Turns: 11309, Time: 00:27:48

Health: 0/98       AC: 26    Str: 25    XL:     11   Next: 29%
Magic:  11/11      EV: 10    Int:  8    God:    Trog [*****.]
Gold:   525        SH:  5    Dex:  9    Spells: 10/10 levels left

rFire   + + .      SeeInvis +   A - +4 spear (venom)
rCold   + . .      Faith    .   (no shield)
rNeg    . . .      Spirit   .   e - +3 ring mail {rF+}
rPois   .          Reflect  +   (no helmet)
rElec   .          Harm     .   s - scarf {rC+ rF+}
rCorr   .          Rampage  .   b - +0 pair of gloves
Will    .....                   (no barding)
Stlth   ..........              g - amulet of reflection
HPRegen 0.26/turn               d - +4 ring of protection
MPRegen 0.12/turn               p - +4 ring of protection

@: curled up
A: large, rugged brown scales 3, see invisible, deformed body, roll 1, armoured
tail, reflexive curl
a: Rolling Charge, Renounce Religion, Berserk, Trog's Hand, Brothers in Arms


You were on level 11 of the Dungeon.
You worshipped Trog.
Trog was extremely pleased with you.
You visited 1 branch of the dungeon, and saw 11 of its levels.

You collected 525 gold pieces.

Inventory:

Hand Weapons
 a - a +0 hand axe
 A - a +4 spear of venom (weapon)
Missiles
 L - a throwing net
Armour
 b - a +0 pair of gloves (worn)
 e - a +3 ring mail of fire resistance (worn)
 o - a +2 cloak
 s - a scarf of resistance (worn)
Jewellery
 d - a +4 ring of protection (left hand)
 g - an amulet of reflection (around neck)
 k - a ring of resist corrosion
 p - a +4 ring of protection (right hand)
 u - an amulet of magic regeneration
 x - the ring "Sun Ehu" {Contam rN++ Will+ rCorr Str-5 Dex+2}
   (You found it on level 5 of the Dungeon)

   [ring of resist corrosion]

   Str:       It affects your strength (-5).
   Dex:       It affects your dexterity (+2).
   rN:        It greatly protects you from negative energy.
   Contam:    It causes magical contamination when unequipped.
   rCorr:     It protects you from acid and corrosion.
   Will:      It increases your willpower.
 C - a ring of fire
Wands
 t - a wand of polymorph (1)
 v - a wand of charming (24)
 w - a wand of iceblast (27)
 E - a wand of acid (2)
 I - a wand of flame (6)
 J - a wand of digging (4)
Scrolls
 f - 5 scrolls of teleportation
 h - 2 scrolls of fog
 j - 2 scrolls of identify
 l - 2 scrolls of immolation
 q - a scroll of torment
 y - a scroll of magic mapping
 B - a scroll of silence
Potions
 c - a potion of attraction {unknown}
 i - 2 potions of might {unknown}
 m - 2 potions of lignification
 n - 3 potions of heal wounds
 r - a potion of mutation {unknown}
 z - 3 potions of flight {unknown}
 D - 2 potions of haste {unknown}
 F - 2 potions of brilliance {unknown}
 G - 2 potions of curing
 H - a potion of invisibility {unknown}
 K - a potion of degeneration {unknown}
 M - a potion of ambrosia {unknown}


   Skills:
 * Level 10.8 Fighting
 * Level 10.9 Axes
 + Level 6.3 Armour
 + Level 6.2 Dodging


You had 10 spell levels left.
You didn't know any spells.
Your spell library was empty.

Dungeon Overview and Level Annotations

Branches:
Dungeon (11/15)            Temple (0/1) D:7            Lair (0/6) D:8
    Orc: D:9-12

Altars:
Dithmenos
Elyvilon
Hepliaklqana
Makhleb
Okawaru
Qazlal
Ru
Vehumet
Xom
Zin
The Shining One

Shops:
D:2 (

Portals:
Trove: D:10 (give +6 demon whip)

Annotations:
D:5 1 runed translucent door


Innate Abilities, Weirdness & Mutations

You are completely covered in rugged brown scales. (AC +3, +7% HP)
You have supernaturally acute eyesight. (SInv)
Armour fits poorly on your strangely shaped body.
You can roll at nearby foes to attack.
You have a long armoured tail.
You curl defensively after being hit. (AC +7*)


Message History

Your ogre dies!
Your ogre's corpse disappears in a puff of smoke!
The vampire mosquito barely misses you. The vampire mosquito misses you.
The vampire mosquito closely misses you.
You fail to use your ability.
The vampire mosquito bites you but does no damage.
You block the vampire mosquito's attack.
The meliai closely misses you.
The meliai stings you but does no damage.
The meliai barely misses you. The meliai stings you.
The vampire mosquito bites you.
The vampire mosquito draws strength from your injuries!
The vampire mosquito bites you!
The vampire mosquito draws strength from your injuries!
The vampire mosquito bites you but does no damage.
The meliai closely misses you. You block the meliai's attack.
The meliai hits you but does no damage.
The meliai stings you but does no damage.
The meliai mumbles some strange prayers to its god against you.
Something smites you!
* * * LOW HITPOINT WARNING * * *
The vampire mosquito closely misses you.
Your ogre goes berserk!
The vampire mosquito closely misses you.
The meliai hits you but does no damage.
The meliai stings you but does no damage.
The meliai closely misses you.
The meliai hits your ogre with a +0 war axe.
The meliai barely misses you.
You block the vampire mosquito's attack.
The meliai hits you but does no damage.
The meliai stings you but does no damage.
The vampire mosquito bites you but does no damage.
The vampire mosquito closely misses you.
The meliai calls down the wrath of its god upon you.
Something smites you!
* * * LOW HITPOINT WARNING * * *
The meliai barely misses you. You block the meliai's attack.
The vampire mosquito barely misses you. The meliai hits you with a +0 war axe.
You die...

#..###### #.# #.......#
### #.......#
#######.......#
..............##########
.......................#
.......ยง...............#
../...yyy...............
.....Oy@..########......
#.....yy..# #......
#.........# #......
#.........# ####...
#.........# ####
#...####### ####


You could see 3 vampire mosquitoes, 3 meliai and a friendly ogre (summoned,
berserk).

Vanquished Creatures
  Erica (D:8)
  Pikel (D:8)
  Maggie (D:7)
  A gargoyle (D:7)
  2 trolls
  Grinder (D:4)
  2 hornets
  A wraith (D:10)
  12 yaks
  Eustachio (D:5)
  2 shadows
  A steam dragon (D:6)
  2 water moccasins
  Duvessa (D:5)
  An orc warrior (D:9)
  A sky beast (D:7)
  2 black bears
  8 centaurs
  An ogre (D:5)
  A lemure (D:8)
  2 phantoms
  3 bullfrogs (D:7)
  2 necrophages
  A gnoll sergeant (D:7)
  11 scorpions
  4 wights (D:9)
  Dowan (D:5)
  15 killer bees
  4 howler monkeys
  4 jellies
  2 hounds (D:5)
  9 orc priests
  2 gnoll shamans
  Jessica (D:3)
  Terence (D:3)
  2 iguanas
  Natasha (thrice) (D:3)
  9 orc wizards
  14 gnolls
  8 adders
  A shadow imp (D:7)
  2 white imps
  3 ufetubi
  A worm (D:3)
  6 dart slugs
  27 orcs
  3 ball pythons (D:3)
  4 endoplasms
  5 giant cockroaches
  11 goblins
  10 hobgoblins
  6 jackals
  3 quokkas
  6 bats
  3 frilled lizards
  5 kobolds
  19 rats
256 creatures vanquished.

Vanquished Creatures (collateral kills)
  2 giant cockroaches (D:5)
2 creatures vanquished.

Vanquished Creatures (others)
  2 plants (D:2)
2 creatures vanquished.

Grand Total: 260 creatures vanquished

Notes
Turn   | Place    | Note
-------+----------+-------------------------------------------
     0 | D:1      | Dabor the Palentonga Berserker began the quest for the Orb.
     0 | D:1      | Reached XP level 1. HP: 19/19 MP: 1/1
   219 | D:1      | Reached XP level 2. HP: 21/25 MP: 2/2
   366 | D:1      | Found a faded altar of an unknown god.
   867 | D:2      | Reached ** piety under Trog
  1007 | D:2      | Reached XP level 3. HP: 31/31 MP: 3/3
  1021 | D:2      | Found Biopalet's Antique Weapon Shoppe.
  1612 | D:2      | Reached XP level 4. HP: 35/39 MP: 4/4
  1752 | D:2      | Reached *** piety under Trog
  1981 | D:3      | Noticed Natasha
  1983 | D:3      | Noticed Jessica
  1991 | D:3      | Killed Natasha
  1992 | D:3      | Killed Jessica
  1993 | D:3      | Reached XP level 5. HP: 44/44 MP: 5/5
  2072 | D:3      | Found a burning altar of Makhleb.
  2237 | D:3      | Noticed Natasha
  2245 | D:3      | Killed Natasha
  2458 | D:3      | Noticed Natasha
  2463 | D:3      | Killed Natasha
  2464 | D:3      | Reached XP level 6. HP: 48/52 MP: 6/6
  2595 | D:3      | Noticed Terence
  2602 | D:3      | Killed Terence
  3149 | D:4      | Reached **** piety under Trog
  3334 | D:4      | Reached skill level 5 in Axes
  3598 | D:4      | Noticed Grinder
  3633 | D:4      | Paralysed by Grinder for 5 turns
  3643 | D:4      | Paralysed by Grinder for 6 turns
  3655 | D:4      | Paralysed by Grinder for 6 turns
  3670 | D:4      | Killed Grinder
  3671 | D:4      | Reached skill level 5 in Fighting
  3671 | D:4      | Gained mutation: You curl defensively after being hit. (AC
                  | +7*) [Palentonga growth]
  3671 | D:4      | Reached XP level 7. HP: 30/59 MP: 7/7
  3961 | D:5      | Entered Level 5 of the Dungeon
  3990 | D:5      | Noticed Dowan
  3990 | D:5      | Noticed Duvessa
  4000 | D:5      | Killed Duvessa
  4005 | D:5      | Killed Dowan
  4263 | D:5      | Reached XP level 8. HP: 61/68 MP: 8/8
  4316 | D:5      | Noticed Eustachio
  4344 | D:5      | Killed Eustachio
  4658 | D:5      | Identified the ring "Sun Ehu" {Contam rN++ Will+ rCorr
                  | Str-5 Dex+2}
  4877 | D:5      | Found a runed translucent door.
  4879 | D:5      | Found a runed translucent door.
  4923 | D:5      | Reached XP level 9. HP: 19/77 MP: 9/9
  5304 | D:5      | Found a glowing golden altar of the Shining One.
  5947 | D:6      | Found a white marble altar of Elyvilon.
  6133 | D:6      | Found an iron altar of Okawaru.
  6667 | D:7      | Noticed Maggie
  6698 | D:7      | Killed Maggie
  6699 | D:7      | Reached skill level 5 in Armour
  6729 | D:7      | Found a staircase to the Ecumenical Temple.
  7070 | D:7      | Reached skill level 5 in Dodging
  7197 | D:7      | Noticed a gargoyle
  7206 | D:7      | Killed a gargoyle
  7207 | D:7      | Reached XP level 10. HP: 83/88 MP: 10/10
  7500 | D:7      | Found a sacrificial altar of Ru.
  7522 | D:8      | Found a hazy altar of Hepliaklqana.
  7751 | D:8      | Noticed Erica
  7764 | D:8      | Killed Erica
  7902 | D:8      | Noticed Pikel
  7944 | D:8      | Killed Pikel
  8040 | D:8      | Found a staircase to the Lair.
  8101 | D:8      | Found a glowing silver altar of Zin.
  8102 | D:8      | Noticed an angel
  8105 | D:8      | Found a shimmering altar of Xom.
  8240 | D:8      | Found a stormy altar of Qazlal.
  8244 | D:8      | Found a radiant altar of Vehumet.
  8534 | D:9      | Reached ***** piety under Trog
  8654 | D:9      | Reached skill level 10 in Axes
  8655 | D:9      | Reached skill level 10 in Fighting
  9080 | D:9      | Found a shadowy altar of Dithmenos.
  9220 | D:9      | Reached XP level 11. HP: 75/98 MP: 11/11
  9852 | D:10     | Entered Level 10 of the Dungeon
 10373 | D:10     | Found a portal to a secret trove of treasure.
 11309 | D:11     | HP: 3/98 [meliai/divine providence (12)]
 11309 | D:11     | Slain by a meliai

Illustrated notes

Levels and vault maps discovered:
D:1:      nicolae_arrival_somewhat_less_tricky_arrival, layout_basic,
          dreamdust_ecumenical_altar_grove, patterned_corridor
D:2:      cheibrodos_greedy_goblins, layout_loops_ring, serial_shops,
          nicolae_shop_overgrown_old_shop, minmay_rat_hole
D:3:      layout_basic, lemuel_tele_altar, feat_on_display, uniq_terence,
          uniq_jessica, uniq_natasha
D:4:      layout_gridville, uniq_grinder
D:5:      lemuel_insect_pit, layout_basic, mainiacjoe_overflow_tiny_flanked,
          uniq_eustachio, uniq_duvessa
D:6:      layout_gridville, elyvilon_altar_4, okawaru_gym_becter,
          minmay_splitting_lines
D:7:      layout_cave_pools, nicolae_ru_path_of_blood,
          minmay_temple_entry_stoned_glass, uniq_maggie
D:8:      layout_rooms, grunt_temple_overflow_order_and_chaos_1, minitemple,
          lair_entry_dummy, grunt_decor_fettered, uniq_pikel, uniq_erica
D:9:      layout_basic, grunt_dithmenos_smoke_and_mirrors
D:10:     layout_cave_pods, nicolae_trove_entry_crystal
D:11:     layout_irregular_city, minmay_orc_entry_guard_dogs,
          lemuel_flamethrower_1

Skill      XL: |  1  2  3  4  5  6  7  8  9 10 11 |
---------------+----------------------------------+-----
Dodging        | 2 3 4 5 6 |  6.2
Armour         | 2 3 4 5 6 |  6.3
Fighting       | 4 5 6 7 9 10 | 10.8
Axes           | 4 5 6 7 9 10 | 10.9

Action                   |  1- 3 |  4- 6 |  7- 9 | 10-12 || total
-------------------------+-------+-------+-------+-------++-------
Melee: Hand axe          |   110 |   162 |   282 |       ||   554
       Tailslap          |     6 |    20 |    44 |    66 ||   136
       Punch             |     2 |     1 |     5 |     3 ||    11
       Spear             |       |       |    20 |   369 ||   389
Invok: Berserk           |     1 |     4 |     7 |     1 ||    13
       Trog's Hand       |       |     1 |     1 |       ||     2
       Brothers in Arms  |       |       |     1 |     2 ||     3
 Abil: Rolling Charge    |       |     5 |     7 |     1 ||    13
  Use: Scroll            |       |       |     4 |     5 ||     9
       Potion            |       |       |     4 |       ||     4
 Stab: Distracted        |     1 |       |       |       ||     1
Armor: Animal skin       |    55 |    31 |       |       ||    86
       Plate armour      |       |    41 |   182 |       ||   223
       Skin              |       |     7 |       |       ||     7
       Ring mail         |       |       |    97 |   156 ||   253
Dodge: Dodged            |    43 |    55 |   142 |   143 ||   383
Block: Other             |    20 |    32 |    97 |    54 ||   203
       Reflection        |     2 |       |     2 |     4 ||     8

Table legend: (Time is in decaauts)
 A = Elapsed time spent in this place.
 B = Non-inter-level travel time spent in this place.
 C = Inter-level travel time spent in this place.
 D = Time resting spent in this place.
 E = Time spent auto-exploring this place.
 F = Levels seen in this place.
 G = Mean time per level.
                   A        B        C        D        E       F      G
               +--------+--------+--------+--------+--------+-----+--------+
         Total |  11370 |  10945 |    425 |   1445 |   7581 |  11 | 1033.6 |
       Dungeon |  11370 |  10945 |    425 |   1445 |   7581 |  11 | 1033.6 |
               +--------+--------+--------+--------+--------+-----+--------+

Top non-repeatable levels by time:
     D:5: 1839 daAuts
     D:9: 1555 daAuts
     D:4: 1203 daAuts
    D:10: 1162 daAuts
     D:2: 1061 daAuts
     D:3: 945 daAuts
     D:6: 915 daAuts
     D:7: 854 daAuts
     D:1: 817 daAuts
     D:8: 737 daAuts
    D:11: 278 daAuts
